 Dungeon Crawl Stone Soup version 0.30-a0-219-gf2db51d15e (webtiles) character file.

Game seed: 675620973464601711

872 tombik the Spear-Bearer (level 8, -1/60 HPs)
             Began as a Gnoll Wanderer on Oct 6, 2022.
             Was a Plaything of Xom.
             Succumbed to a scorpion's poison
             ... on level 6 of the Dungeon.
             The game lasted 00:24:24 (5433 turns).

tombik the Spear-Bearer (Gnoll Wanderer)            Turns: 5433, Time: 00:24:26

Health: -1/60      AC:  3    Str: 13 (14) XL:     8   Next: 4%
Magic:  9/11       EV: 12    Int: 13 (15) God:    Xom [....*.]
Gold:   310        SH:  5    Dex: 13 (14) Spells: 9/13 levels left

rFire   . . .      SeeInvis .    a - +4 trident
rCold   + . .      Faith    .    c - +0 buckler
rNeg    . . .      Spirit   .    r - +0 robe
rPois   .          Reflect  .    (no helmet)
rElec   .          Harm     .    (no cloak)
rCorr   .          Rampage  .    l - +0 pair of gloves
Will    +....                    (no boots)
Stlth   ++........               (no amulet)
HPRegen 0.00/turn                f - ring of willpower
MPRegen 0.12/turn                i - +6 ring of intelligence

@: lethally poisoned (-1 -> -28), about to teleport, on blink cooldown,
inhibited regen
A: fangs 1, strong nose, distributed training, cold resistance 1, low MP 1,
inhibited regeneration
a: Renounce Religion


You were on level 6 of the Dungeon.
You worshipped Xom.
You were a beloved toy of Xom.
You visited 1 branch of the dungeon, and saw 6 of its levels.

You collected 310 gold pieces.

Inventory:

Hand Weapons
 a - a +4 trident (weapon)
 b - a +0 falchion
 s - a +0 hand axe of flaming
Missiles
 u - 2 poisoned darts (quivered)
Armour
 c - a +0 buckler (worn)
 e - a +0 leather armour
 l - a +0 pair of gloves (worn)
 p - a +0 scale mail
 r - a +0 robe (worn)
Jewellery
 d - a ring of protection from cold
 f - a ring of willpower (left hand)
 g - a ring of positive energy
 i - a +6 ring of intelligence (right hand)
 n - a ring of positive energy
 o - a ring of ice
 q - an amulet of reflection
Wands
 m - a wand of mindburst (15)
Scrolls
 h - a scroll of noise
 j - a scroll of enchant weapon
 t - 2 scrolls of magic mapping
 x - a scroll of identify
Potions
 k - 2 potions of brilliance


   Skills:
 + Level 4.0 Fighting
 + Level 3.0 Short Blades
 + Level 5.5 Long Blades
 + Level 3.0 Axes
 + Level 3.0 Maces & Flails
 + Level 10.9 Polearms
 + Level 3.0 Staves
 + Level 3.0 Ranged Weapons
 + Level 3.0 Throwing
 + Level 3.0 Armour
 + Level 3.0 Dodging
 + Level 3.0 Stealth
 + Level 4.0 Shields
 + Level 3.0 Unarmed Combat
 + Level 3.0 Spellcasting
 + Level 2.4 Conjurations
 + Level 2.4 Hexes
 + Level 2.4 Summonings
 + Level 2.4 Necromancy
 + Level 2.4 Translocations
 + Level 2.4 Transmutations
 + Level 2.4 Fire Magic
 + Level 2.4 Ice Magic
 + Level 2.4 Air Magic
 + Level 2.4 Earth Magic
 + Level 2.4 Poison Magic
 + Level 4.2 Invocations
 + Level 3.0 Evocations


You had 9 spell levels left.
You knew the following spells:

 Your Spells              Type           Power      Damage    Failure   Level
a - Blink                 Tloc           16%        N/A       16%         2
b - Momentum Strike       Conj/Tloc      16%        3d8       16%         2

Your spell library contained the following spells:

 Spells                   Type           Power      Damage    Failure   Level
 Scorch                   Fire           16%        2d5       16%         2
 Lesser Beckoning         Tloc           16%        N/A       32%         3
 Portal Projectile        Hex/Tloc       16%        N/A       32%         3
 Tukima's Dance           Hex            8%         N/A       32%         3
 Flame Wave               Conj/Fire      8%         2d5       71%         4
 Manifold Assault         Tloc           8%         N/A       71%         4
 Blade Hands              Tmut           4%         N/A       96%         5
 Dispersal                Tloc           4%         N/A       100%        6
 Summon Cactus Giant      Summ           4%         N/A       100%        6
 Disjunction              Tloc           4%         N/A       100%        8


Dungeon Overview and Level Annotations

Branches:
Dungeon (6/15)             Temple (0/1) D:5

Altars:
Nemelex Xobeh
Xom

Shops:
D:1 *   D:4 [

Annotations:
D:6 1 runed translucent door


Innate Abilities, Weirdness & Mutations

You have very sharp teeth.
Your uncanny sense of smell can sniff out nearby items.
Your experience applies equally to all skills.
Your flesh is cold resistant. (rC+)
Your magical capacity is low. (-10% MP)
You do not regenerate when monsters are visible.


Message History

The scorpion closely misses you. You block the killer bee's attack.
Okay, then.
Casting: Momentum Strike (safe; 16% risk of failure)
Confirm with . or Enter, or press ? or * to list all spells.
You blink.
You are now a beloved toy of Xom.
The scorpion closely misses you. You block the giant cockroach's attack.
The scorpion stings you but does no damage. x2
The killer bee stings you.
You are poisoned.
The killer bee poisons you!
You hit the scorpion.
You bite the scorpion, but do no damage.
The scorpion is moderately wounded.
You feel sick. You block the giant cockroach's attack.
The killer bee stings you!
Okay, then.
As you read the scroll of teleportation, it crumbles to dust.
You feel strangely unstable.
You feel sick. The killer bee stings you.
* * * LOW HITPOINT WARNING * * *
The scorpion stings you.
* * * LOW HITPOINT WARNING * * *
You are more poisoned.
The scorpion poisons you! The scorpion stings you.
* * * LOW HITPOINT WARNING * * *
You are more poisoned.
The scorpion poisons you! The giant cockroach barely misses you.
The scorpion stings you.
* * * LOW HITPOINT WARNING * * *
The killer bee stings you but does no damage.
You block the scorpion's attack. The scorpion stings you.
* * * LOW HITPOINT WARNING * * *
Okay, then.
Aiming: Mindburst
Press: ? - help, Shift-Dir - straight line, f - scorpion
Aim: a scorpion (chance to affect: 76%)
The scorpion's mind is blasted!!
You blow up the scorpion!
You die...
Xom cackles wildly!

......#'#####................
##.#.##................#####
#<.#.##########+######.)# ...#..
##.# ##.###### #.#
##....).###############'########
####..........##s....[..s......#
# #..........##.ys....†ss.....#
# #..........##@Bsw#######....#
# #..........##ss..#.....#....#
# #..........##By..'..(..+s...#
# #..........##....#.....#....#
. #..........##....#######....#
# #...........#..(............#
#...........#...............#
###########.########+######## ..


You could see a worm, 5 scorpions, 2 killer bees and 2 giant cockroaches.

Vanquished Creatures
  Sigmund (D:2)
  Menkaure (D:6)
  An ice beast (D:6)
  An ogre (D:5)
  2 centaurs (D:5)
  A bullfrog (D:6)
  A scorpion (D:6)
  A jelly (D:5)
  A hound (D:3)
  An orc priest (D:6)
  Natasha (D:1)
  3 gnolls (D:5)
  4 adders
  2 white imps
  3 dart slugs
  9 orcs
  9 endoplasms
  A giant cockroach (D:6)
  7 hobgoblins
  3 jackals (D:3)
  7 kobolds
  2 quokkas
  4 ball pythons
  6 bats
  3 frilled lizards
  6 goblins
  2 rats
83 creatures vanquished.

Notes
Turn   | Place    | Note
-------+----------+-------------------------------------------
     0 | D:1      | Reached skill level 10 in Polearms
     0 | D:1      | tombik the Gnoll Wanderer began the quest for the Orb.
     0 | D:1      | tombik set off with the following items: a +0 trident, a +0
                  | falchion, a +0 buckler, a potion of berserk rage, a +0
                  | leather armour.
     0 | D:1      | Reached XP level 1. HP: 17/17 MP: 2/2
   231 | D:1      | Reached XP level 2. HP: 22/23 MP: 3/3
   534 | D:1      | Gained mutation: Your flesh is cold resistant. (rC+)
                  | [potion of mutation]
   534 | D:1      | Gained mutation: Your magical capacity is low. (-10% MP)
                  | [potion of mutation]
   534 | D:1      | Gained mutation: You do not regenerate when monsters are
                  | visible. [potion of mutation]
   655 | D:1      | Found Suatus's General Store.
   870 | D:2      | Noticed Natasha
   885 | D:1      | Killed Natasha
   886 | D:1      | Reached XP level 3. HP: 9/28 MP: 4/4
   980 | D:2      | Reached skill level 1 in Short Blades
   980 | D:2      | Reached skill level 1 in Axes
   980 | D:2      | Reached skill level 1 in Maces & Flails
   980 | D:2      | Reached skill level 1 in Staves
   980 | D:2      | Reached skill level 1 in Ranged Weapons
   980 | D:2      | Reached skill level 1 in Throwing
   980 | D:2      | Reached skill level 1 in Armour
   980 | D:2      | Reached skill level 1 in Dodging
   980 | D:2      | Reached skill level 1 in Stealth
   980 | D:2      | Reached skill level 1 in Unarmed Combat
   980 | D:2      | Reached skill level 1 in Spellcasting
   980 | D:2      | Reached skill level 1 in Evocations
  1045 | D:2      | You fall into a shaft and drop 1 floor!
  1073 | D:3      | Reached skill level 1 in Conjurations
  1073 | D:3      | Reached skill level 1 in Hexes
  1073 | D:3      | Reached skill level 1 in Summonings
  1073 | D:3      | Reached skill level 1 in Necromancy
  1073 | D:3      | Reached skill level 1 in Translocations
  1073 | D:3      | Reached skill level 1 in Transmutations
  1073 | D:3      | Reached skill level 1 in Fire Magic
  1073 | D:3      | Reached skill level 1 in Ice Magic
  1073 | D:3      | Reached skill level 1 in Air Magic
  1073 | D:3      | Reached skill level 1 in Earth Magic
  1073 | D:3      | Reached skill level 1 in Poison Magic
  1073 | D:3      | Reached XP level 4. HP: 31/34 MP: 5/5
  1375 | D:3      | Reached XP level 5. HP: 40/40 MP: 6/6
  1742 | D:2      | Noticed Sigmund
  1757 | D:2      | Killed Sigmund
  1758 | D:2      | Reached skill level 5 in Long Blades
  1758 | D:2      | Reached XP level 6. HP: 31/47 MP: 6/8
  2061 | D:2      | Found a faded altar of an unknown god.
  2071 | D:2      | Prayed at the altar of an unknown god.
  2071 | D:2      | Became a worshipper of Xom of Chaos
  2331 | D:4      | Found Xeeremp's Antique Armour Boutique.
  2351 | D:4      | Learned a level 2 spell: Blink
  2556 | D:4      | XOM: silly message
  2747 | D:4      | Found a sparkling altar of Nemelex Xobeh.
  3499 | D:5      | Entered Level 5 of the Dungeon
  3532 | D:5      | XOM: confuse monster(s)
  3533 | D:5      | Found a staircase to the Ecumenical Temple.
  3610 | D:5      | Reached XP level 7. HP: 52/52 MP: 9/9
  3619 | D:5      | XOM: cast spell 'Leda's Liquefaction'
  3624 | D:5      | XOM: divination: detect items
  3624 | D:5      | XOM: smoke on damage
  3632 | D:5      | XOM: silly message
  3634 | D:5      | XOM: silly message
  3867 | D:5      | XOM: 2-stop teleportation journey
  3995 | D:5      | XOM: potion effect (might)
  3997 | D:5      | XOM: confuse monster(s)
  4006 | D:5      | XOM: confuse monster(s)
  4133 | D:5      | Learned a level 2 spell: Momentum Strike
  4256 | D:5      | XOM is BORED!
  4627 | D:5      | XOM: cloud trail
  4715 | D:5      | XOM: scenery: summon butterflies
  5093 | D:6      | Found a runed translucent door.
  5093 | D:6      | XOM: 1-stop teleportation journey
  5187 | D:6      | XOM: 3-stop teleportation journey
  5288 | D:6      | Noticed Menkaure
  5295 | D:6      | Killed Menkaure
  5296 | D:6      | Reached XP level 8. HP: 31/60 MP: 8/11
  5393 | D:6      | Found a runed translucent door.
  5400 | D:6      | XOM: noise
  5420 | D:6      | XOM: polymorph scorpion -> worm
  5427 | D:6      | XOM: scenery: 1 doors open, 1 doors close
  5433 | D:6      | Succumbed to a scorpion's poison

Illustrated notes

Levels and vault maps discovered:
D:1:      lemuel_arrival_broad_hall, layout_loops_ring, serial_shops,
          nicolae_shop_waterfront
D:2:      layout_basic, shapermc_ecumenical_altar_gd, serial_forest,
          infiniplex_forest_clump_small, infiniplex_forest_join,
          infiniplex_forest_lined_4_way, infiniplex_forest_end_1,
          infiniplex_forest_split, infiniplex_forest_lined_corner,
          infiniplex_forest_end_1, infiniplex_forest_lined_room_,
          infiniplex_forest_lined_3, infiniplex_forest_lined_ring, uniq_natasha,
          uniq_sigmund
D:3:      layout_rooms, minmay_curled_crystal, minmay_misc_feat_tower
D:4:      layout_basic, mainiacjoe_overflow_alcove_1, serial_shops,
          nicolae_stop_n_shop_1, hangedman_decor_riveting, amethyst_killhole,
          kennysheep_generic_room_10
D:5:      layout_layer_cave, minmay_temple_entry_mini_moons
D:6:      lemuel_insect_pit, layout_basic, mainiacjoe_overflow_two_lobes,
          lemuel_doored_altar, uniq_eustachio, uniq_menkaure

Skill      XL: |  1  2  3  4  5  6  7 |
---------------+----------------------+-----
Polearms       | | 10.9
Short Blades   | 1 2 3 |  3.0
Axes           | 1 2 3 |  3.0
Maces & Flails | 1 2 3 |  3.0
Staves         | 1 2 3 |  3.0
Ranged Weapons | 1 2 3 |  3.0
Throwing       | 1 2 3 |  3.0
Armour         | 1 2 3 |  3.0
Dodging        | 1 2 3 |  3.0
Stealth        | 1 2 3 |  3.0
Unarmed Combat | 1 2 3 |  3.0
Spellcasting   | 1 2 3 |  3.0
Evocations     | 1 2 3 |  3.0
Conjurations   | 1 2 |  2.4
Hexes          | 1 2 |  2.4
Summonings     | 1 2 |  2.4
Necromancy     | 1 2 |  2.4
Translocations | 1 2 |  2.4
Transmutations | 1 2 |  2.4
Fire Magic     | 1 2 |  2.4
Ice Magic      | 1 2 |  2.4
Air Magic      | 1 2 |  2.4
Earth Magic    | 1 2 |  2.4
Poison Magic   | 1 2 |  2.4
Invocations    | 3 4 |  4.2
Fighting       | 3 4 |  4.0
Long Blades    | 5 |  5.5
Shields        | 3 4 |  4.0

Action                   |  1- 3 |  4- 6 |  7- 9 || total
-------------------------+-------+-------+-------++-------
Melee: Trident           |    64 |    89 |    64 ||   217
       Bite              |       |     4 |     8 ||    12
Throw: Dart              |    11 |       |     3 ||    14
 Cast: Blink             |       |     3 |     3 ||     6
       Momentum Strike   |       |       |     1 ||     1
Evoke: Wand              |       |       |     1 ||     1
  Use: Scroll            |     6 |     5 |     8 ||    19
       Potion            |     2 |     2 |     5 ||     9
 Stab: Sleeping          |     3 |     3 |       ||     6
       Distracted        |       |     1 |       ||     1
       Confused          |       |       |     1 ||     1
Armor: Leather armour    |     8 |    12 |       ||    20
       Scale mail        |       |     4 |       ||     4
       Robe              |       |       |    15 ||    15
Dodge: Dodged            |    19 |     9 |    47 ||    75
Block: Buckler           |     7 |     7 |    23 ||    37

Table legend: (Time is in decaauts)
 A = Elapsed time spent in this place.
 B = Non-inter-level travel time spent in this place.
 C = Inter-level travel time spent in this place.
 D = Time resting spent in this place.
 E = Time spent auto-exploring this place.
 F = Levels seen in this place.
 G = Mean time per level.
                   A        B        C        D        E       F      G
               +--------+--------+--------+--------+--------+-----+--------+
         Total |   5404 |   5204 |    200 |    234 |   4264 |   6 |  900.7 |
       Dungeon |   5404 |   5204 |    200 |    234 |   4264 |   6 |  900.7 |
               +--------+--------+--------+--------+--------+-----+--------+

Top non-repeatable levels by time:
     D:5: 1500 daAuts
     D:4: 1165 daAuts
     D:1: 959 daAuts
     D:2: 885 daAuts
     D:3: 473 daAuts
     D:6: 419 daAuts
